 Dungeon Crawl Stone Soup version 0.29-a0-284-gf9362112df (webtiles) character file.

Game seed: 16982140885382698345

655 Zonian the Chiller (level 7, -1/46 HPs)
             Began as a Demonspawn Ice Elementalist on Mar 25, 2022.
             Was a Believer of Makhleb.
             Slain by Pikel
             ... wielding a +1 whip of electrocution
              (19 damage)
             ... on level 5 of the Dungeon.
             The game lasted 00:18:10 (8229 turns).

Zonian the Chiller (Demonspawn Ice Elementalist)    Turns: 8229, Time: 00:18:11

Health: -1/46      AC: 13    Str:  8    XL:     7   Next: 29%
Magic:  9/13       EV: 13    Int: 18    God:    Makhleb [**....]
Gold:   211        SH:  5    Dex: 14    Spells: 3/14 levels left

rFire   . . .      SeeInvis .   h - +2 dagger (drain)
rCold   . . .      Faith    .   k - orb {*Rage}
rNeg    . . .      Spirit   .   a - +0 robe
rPois   .          Reflect  +   n - +1 helmet
rElec   .          Harm     .   (no cloak)
rCorr   .          Rampage  .   B - +0 pair of gloves
Will    .....      Rage     20% (no boots)
Stlth   ++........              f - amulet of reflection
HPRegen 0.15/turn               (no ring)
MPRegen 0.13/turn               (no ring)

@: ice-armoured, on berserk cooldown, slowed, very slow
A: molten scales 1, demonic guardian 1
a: Renounce Religion, Minor Destruction


You were on level 5 of the Dungeon.
You worshipped Makhleb.
Makhleb was pleased with you.
You visited 1 branch of the dungeon, and saw 5 of its levels.
You also visited: Ossuary.

You collected 211 gold pieces.

Inventory:

Hand Weapons
 e - a +1 dagger
 h - a +2 dagger of draining (weapon)
 q - a +0 war axe
 r - a +0 short sword of freezing
 u - a +0 morningstar
Missiles
 m - 3 poisoned darts
Armour
 a - a +0 robe (worn)
 d - an orb of guile
 k - an orb of wrath (worn)
 n - a +1 helmet (worn)
 B - a +0 pair of gloves (worn)
Jewellery
 f - an amulet of reflection (around neck)
Wands
 t - a wand of paralysis (7)
 x - a wand of flame (20)
 C - a wand of iceblast (6)
Scrolls
 g - 2 scrolls of enchant armour
 j - a scroll of fear
 l - 5 scrolls of teleportation
 o - 2 scrolls of blinking
 y - a scroll of brand weapon
Potions
 b - a potion of magic
 c - 2 potions of attraction
 i - 2 potions of heal wounds
 p - a potion of resistance
 s - a potion of curing {unknown}
 v - a potion of mutation {unknown}
 w - a potion of brilliance {unknown}
 z - a potion of lignification {unknown}
 A - a potion of flight {unknown}


   Skills:
 + Level 4.0 Dodging
 - Level 2.0 Stealth
 + Level 4.1 Spellcasting
 + Level 1.2 Conjurations
 + Level 5.2 Ice Magic
 + Level 4.0 Invocations


You had 3 spell levels left.
You knew the following spells:

 Your Spells              Type           Power      Damage    Failure   Level
a - Freeze                Ice            88%        1d10      1%          1
b - Frozen Ramparts       Ice            44%        1d6       5%          3
c - Ozocubu's Armour      Ice            22%        N/A       5%          3
d - Hailstorm             Conj/Ice       15%        3d5       36%         4

Your spell library contained the following spells:

 Spells                   Type           Power      Damage    Failure   Level
 Ozocubu's Refrigeration  Ice            11%        4d7       100%        7


Dungeon Overview and Level Annotations

Branches:
Dungeon (5/15)             Temple (0/1) D:5         Ossuary (visited)

Altars:
Makhleb

Shops:
D:3 :

Annotations:
D:2 Sigmund
D:5 Pikel


Innate Abilities, Weirdness & Mutations

You are partially covered in molten scales. (AC +2)
A weak demonic guardian rushes to your aid.


Message History

You barely miss Pikel.
Pikel is heavily wounded.
The wall freezes Pikel.
Pikel cracks his whip.
Pikel hits you but does no damage.
Unknown command.
You hit Pikel but do no damage.
Pikel is heavily wounded.
The frozen ramparts melt away.
Pikel barely misses you. You block Pikel's attack.
You hit Pikel but do no damage. You drain Pikel.
Pikel is heavily wounded.
The lemure hits you but does no damage. Pikel hits you but does no damage.
Unknown command.
You hit Pikel but do no damage. You drain Pikel.
Pikel is severely wounded.
You block the lemure's attack. Pikel barely misses you.
Pikel hits you with a +1 whip of electrocution.
The lemure closely misses you.
Unknown command.
You closely miss Pikel.
Pikel is severely wounded.
Pikel hits you but does no damage.
You are electrocuted!!
A demonic guardian appears!
You block the lemure's attack.
Unknown command.
You closely miss Pikel.
Pikel is severely wounded.
The lemure hits you! Pikel closely misses you.
Your iron imp barely misses the lemure.
The lemure barely misses you. Pikel hits you but does no damage.
Unknown command.
You completely miss Pikel.
Pikel is severely wounded.
The lemure hits you but does no damage. Pikel closely misses you.
Your iron imp barely misses the lemure.
Unknown command.
You closely miss Pikel.
Pikel is severely wounded.
Pikel hits you but does no damage.
You are electrocuted!!
You die...

#...... #......
..#...... ..#.....#####
#..)....#...#
..>.....#...# ######
...:[...#...# ##.....
.......5@#...## #8.....
.......5K#...'# ##.....
........#...## ###.##
....?...#...# #.#
##......#...#########∩##
#.(....#...............
#......#...............
#./....#............'..
#......#............#..


You could see Pikel (drained), a lemure (ally target) and a friendly iron imp
(summoned).

Vanquished Creatures
  An ogre (D:4)
  A phantom (D:5)
  3 lemures
  A scorpion (D:4)
  A bullfrog (D:3)
  A wight (Ossuary)
  A centaur zombie (Ossuary)
  9 adders
  7 gnolls
  A white imp (D:5)
  An ufetubus (D:5)
  3 adder zombies (Ossuary)
  3 worms
  5 dart slugs
  3 orcs
  8 endoplasms
  A giant cockroach (D:1)
  4 hobgoblins
  4 jackals (D:1)
  3 kobolds
  3 quokkas
  7 ball pythons
  11 bats
  A frilled lizard (D:1)
  9 goblins
  A hobgoblin skeleton (Ossuary)
  A hobgoblin zombie (Ossuary)
  A kobold zombie (Ossuary)
  An orc skeleton (Ossuary)
  6 rats
102 creatures vanquished.

Vanquished Creatures (others)
  2 plants
2 creatures vanquished.

Grand Total: 104 creatures vanquished

Notes
Turn   | Place    | Note
-------+----------+-------------------------------------------
     0 | D:1      | Zonian the Demonspawn Ice Elementalist began the quest for
                  | the Orb.
     0 | D:1      | Reached XP level 1. HP: 13/13 MP: 3/3
   391 | D:1      | Gained mutation: You are partially covered in molten
                  | scales. (AC +2) [demonic ancestry]
   391 | D:1      | Reached XP level 2. HP: 19/19 MP: 3/5
   596 | D:1      | Found a faded altar of an unknown god.
  1046 | D:1      | Prayed at the altar of an unknown god.
  1046 | D:1      | Became a worshipper of Makhleb the Destroyer
  1046 | D:1      | Reached * piety under Makhleb
  1124 | D:1      | Reached XP level 3. HP: 16/24 MP: 4/6
  1135 | D:1      | Learned a level 3 spell: Frozen Ramparts
  1292 | D:2      | Reached skill level 4 in Ice Magic
  2340 | D:1      | Reached XP level 4. HP: 20/30 MP: 0/8
  2856 | D:2      | Identified a scroll of acquirement
  2856 | D:2      | Acquired an amulet of reflection
  3006 | D:2      | Noticed Sigmund
  3316 | D:2      | Learned a level 3 spell: Ozocubu's Armour
  3460 | D:2      | Reached skill level 1 in Invocations
  3885 | D:3      | Reached XP level 5. HP: 32/35 MP: 7/9
  4260 | D:3      | Found Jioxzip's Book Emporium.
  5593 | D:4      | Noticed an ogre
  5616 | D:4      | Reached XP level 6. HP: 41/41 MP: 7/11
  6416 | D:4      | Reached skill level 5 in Ice Magic
  6621 | D:4      | Learned a level 4 spell: Hailstorm
  6643 | D:5      | Entered Level 5 of the Dungeon
  6752 | D:5      | Found a sand-covered staircase.
  6804 | Ossuary  | Entered an ossuary
  6952 | Ossuary  | Reached ** piety under Makhleb
  7005 | Ossuary  | Gained mutation: A weak demonic guardian rushes to your
                  | aid. [demonic ancestry]
  7005 | Ossuary  | Reached XP level 7. HP: 46/46 MP: 11/13
  7298 | Ossuary  | Noticed a flying skull
  7298 | Ossuary  | Noticed a wraith
  7304 | Ossuary  | Noticed a flying skull
  7306 | Ossuary  | Noticed a flying skull
  7335 | Ossuary  | Noticed a flying skull
  7350 | Ossuary  | Noticed a flying skull
  7355 | Ossuary  | Noticed a wraith
  7647 | D:5      | Reached skill level 1 in Conjurations
  7810 | D:5      | Noticed Pikel
  8213 | D:5      | Found a staircase to the Ecumenical Temple.
  8229 | D:5      | Slain by Pikel

Illustrated notes

Levels and vault maps discovered:
D:1:      shiori_shiawase, layout_rooms, shapermc_ecumenical_altar_flowoftime,
          minmay_misc_feat_nine_boxes
D:2:      layout_rooms, uniq_sigmund
D:3:      layout_basic, serial_shops, shop, serial_aquarium,
          aquarium_bridge_square [aquarium_subvault_wall,
          aquarium_subvault_wall, aquarium_subvault_bridge,
          aquarium_subvault_bridge], aquarium_bridge_long_separate
          [aquarium_subvault_bridge, aquarium_subvault_wall,
          aquarium_subvault_balcony, aquarium_subvault_balcony,
          aquarium_subvault_bridge, aquarium_subvault_bridge],
          aquarium_window_fake, aquarium_window_1, aquarium_window_corner,
          aquarium_window_fake, aquarium_view_2c, aquarium_balcony_5b,
          palyth_stone_intersect
D:4:      layout_basic
D:5:      layout_gridville, xom_redecorated,
          gammafunk_temple_overflow_forgotten, minmay_temple_entry_offerings,
          chequers_ossuary_entry_cave, serial_shops, nicolae_take_the_stairs,
          uniq_pikel

Skill      XL: |  1  2  3  4  5  6  7 |
---------------+----------------------+-----
Stealth        | 2 |  2.0
Dodging        | 2 3 4 |  4.0
Ice Magic      | 4 5 |  5.2
Spellcasting   | 3 4 |  4.1
Invocations    | 1 2 3 4 |  4.0
Conjurations   | 1 |  1.2

Action                   |  1- 3 |  4- 6 |  7- 9 || total
-------------------------+-------+-------+-------++-------
Melee: Dagger            |    58 |   129 |    75 ||   262
 Cast: Freeze            |    61 |    34 |       ||    95
       Frozen Ramparts   |       |     2 |     2 ||     4
       Ozocubu's Armour  |       |     1 |     2 ||     3
  Use: Scroll            |     1 |     9 |     4 ||    14
 Stab: Sleeping          |     1 |     7 |     3 ||    11
Armor: Robe              |    47 |    41 |    25 ||   113
Dodge: Dodged            |    78 |    93 |    32 ||   203
Block: Orb               |       |    30 |     8 ||    38
       Reflection        |       |     2 |       ||     2
       Other             |       |     2 |       ||     2

Table legend: (Time is in decaauts)
 A = Elapsed time spent in this place.
 B = Non-inter-level travel time spent in this place.
 C = Inter-level travel time spent in this place.
 D = Time resting spent in this place.
 E = Time spent auto-exploring this place.
 F = Levels seen in this place.
 G = Mean time per level.
                   A        B        C        D        E       F      G
               +--------+--------+--------+--------+--------+-----+--------+
         Total |   8436 |   8172 |    264 |   3945 |   2617 |   6 | 1406.0 |
       Dungeon |   7749 |   7485 |    264 |   3544 |   2617 |   5 | 1549.8 |
       Ossuary |    687 |    687 |      0 |    401 |      0 |   1 |  687.0 |
               +--------+--------+--------+--------+--------+-----+--------+

Top non-repeatable levels by time:
     D:2: 1919 daAuts
     D:1: 1905 daAuts
     D:3: 1722 daAuts
     D:4: 1567 daAuts
 Ossuary: 687 daAuts
     D:5: 634 daAuts
